 Dungeon Crawl Stone Soup version 0.28-a0-622-gbaef9634d7 (webtiles) character file.

Game seed: 2017226117405986993

1363 Virstren the Covert (level 8, -1/36 HPs)
             Began as a Spriggan Enchanter on Oct 7, 2021.
             Was an Initiate of Dithmenos.
             Slain by an ice beast (11 damage)
             ... on level 6 of the Dungeon.
             The game lasted 00:09:30 (6561 turns).

Virstren the Covert (Spriggan Enchanter)            Turns: 6561, Time: 00:09:32

Health: -1/36      AC:  4    Str:  6    XL:     8   Next: 38%
Magic:  21/21      EV: 17    Int: 16    God:    Dithmenos [......]
Gold:   190        SH:  0    Dex: 16    Spells: 15/23 levels left

rFire   + . .      SeeInvis +   i - +2 dagger (venom)
rCold   . . .      Faith    .   (shield restricted)
rNeg    . . .      Spirit   .   b - +0 robe
rPois   .          Reflect  .   (helmet restricted)
rElec   .          Harm     .   e - +1 cloak
rCorr   .          Rampage  .   (gloves unavailable)
Will    +....                   (boots unavailable)
Stlth   ++++......              g - amulet of magic regeneration
HPRegen 0.12/turn               h - ring of protection from fire
MPRegen 0.42/turn               (no ring)

@: very quick
A: very small, no large weapons, unfitting armour, see invisible, speed 3
a: Renounce Religion


You were on level 6 of the Dungeon.
You worshipped Dithmenos.
Dithmenos was noncommittal.
You visited 1 branch of the dungeon, and saw 6 of its levels.

You collected 190 gold pieces.

Inventory:

Hand Weapons
 a - a +1 dagger of freezing
 i - a +2 dagger of venom (weapon)
Armour
 b - a +0 robe (worn)
 e - a +1 cloak (worn)
Jewellery
 g - an amulet of magic regeneration (around neck)
 h - a ring of protection from fire (left hand)
Wands
 k - a wand of iceblast (5)
 l - a wand of paralysis (8)
Potions
 c - 2 potions of invisibility
 d - a potion of cancellation
 f - 4 potions of curing
 j - a potion of might
 m - 2 potions of lignification
 n - a potion of resistance


   Skills:
 - Level 1.1 Short Blades
 - Level 2.6 Dodging
 + Level 8.7 Stealth
 + Level 8.2 Spellcasting
 + Level 8.5 Hexes


You had 15 spell levels left.
You knew the following spells:

 Your Spells              Type           Power      Damage    Failure   Level
a - Ensorcelled Hibernat  Hex/Ice        40%        N/A       2%          2
b - Tukima's Dance        Hex            34%        N/A       1%          3
c - Dazzling Flash        Conj/Hex       40%        N/A       5%          3

Your spell library contained the following spells:

 Spells                   Type           Power      Damage    Failure   Level
 Slow                     Hex            34%        N/A       1%          2
 Confusing Touch          Hex            34%        N/A       1%          3
 Yara's Violent Unravell  Hex/Tmut       10%        3d6       45%         5


Dungeon Overview and Level Annotations

Branches:
Dungeon (6/15)
 Temple: D:4-7

Altars:
Dithmenos
Kikubaaqudgha
Trog
Xom
Zin

Shops:
D:3 (

Annotations:
D:3 2 transporters


Innate Abilities, Weirdness & Mutations

You are very small and have problems with some larger weapons.
You are too small for most types of armour.
You have supernaturally acute eyesight. (SInv)
You cover ground extremely quickly. (Speed+++)


Message History

The howler monkey hits you. The bullfrog skeleton misses you.
The howler monkey misses you.
Your surroundings suddenly seem different.
An ice beast and a zombie come into view.
Found a chain mail and a potion of resistance.
You enter the shallow water.
Moving in this stuff is going to be slow.
You enter the shallow water.
Moving in this stuff is going to be slow.
You enter the shallow water.
Moving in this stuff is going to be slow.
The killer bee zombie barely misses you.
The killer bee zombie closely misses you. x2
The killer bee zombie closely misses you.
The ice beast closely misses you. The killer bee zombie misses you.
Found an iron wand.
Found 21 sling bullets.
The killer bee zombie hits you!
You see here a wand of paralysis (10).
l - a wand of paralysis (10)
The killer bee zombie closely misses you.
The killer bee zombie misses you.
Aiming: Paralyse
Press: ? - help, Shift-Dir - straight line, f - killer bee zombie
Aim: a killer bee zombie (chance to affect: 60%)
The killer bee zombie resists with significant effort.
The killer bee zombie barely misses you.
The killer bee zombie completely misses you.
Aiming: Paralyse
Press: ? - help, Shift-Dir - straight line, f/p - killer bee zombie
Aim: a killer bee zombie (chance to affect: 60%)
The killer bee zombie suddenly stops moving!
The helpless killer bee zombie fails to defend itself.
You impale the killer bee zombie!!
You destroy the killer bee zombie!
Dithmenos accepts your kill. The ice beast hits you.
* * * LOW HITPOINT WARNING * * *
The ice beast freezes you!
You die...

.... ...#####
#......# #......#
#......# #......#
#......# #..@...#
+(Y....#
###......#
####........#
###≈#.#........#
##≈≈ #.#........#
#≈≈# #......#####
#####≈≈####.#####
.....≈≈.....#


You could see an ice beast.

Vanquished Creatures
  A yak (D:6)
  Eustachio (D:4)
  An ice beast (D:5)
  A black bear (D:5)
  An ogre (D:5)
  A sky beast (D:5)
  5 killer bees (D:5)
  A centaur zombie (D:3)
  4 hounds
  A jelly (D:4)
  Terence (D:2)
  Natasha (thrice) (D:2)
  2 killer bee zombies
  A hound skeleton (D:4)
  A howler monkey zombie (D:5)
  11 adders
  An adder skeleton (D:4)
  A worm (D:2)
  4 dart slugs
  10 orcs
  A bat zombie (D:3)
  5 endoplasms
  3 giant cockroaches
  2 goblins
  4 hobgoblins
  3 jackals (D:2)
  2 quokkas
  3 bats
  A frilled lizard (D:2)
  8 kobolds
  4 rats (D:1)
88 creatures vanquished.

Notes
Turn   | Place    | Note
-------+----------+-------------------------------------------
     0 | D:1      | Virstren the Spriggan Enchanter began the quest for the
                  | Orb.
     0 | D:1      | Reached XP level 1. HP: 9/9 MP: 5/5
   434 | D:1      | Found a faded altar of an unknown god.
   548 | D:1      | Reached XP level 2. HP: 13/13 MP: 7/7
   551 | D:1      | Learned a level 2 spell: Ensorcelled Hibernation
  1094 | D:2      | Reached XP level 3. HP: 16/16 MP: 9/9
  1098 | D:2      | Learned a level 3 spell: Tukima's Dance
  1102 | D:2      | Learned a level 3 spell: Dazzling Flash
  1616 | D:2      | Noticed Terence
  1639 | D:2      | Killed Terence
  1640 | D:2      | Reached skill level 5 in Hexes
  1640 | D:2      | Reached XP level 4. HP: 14/21 MP: 9/11
  1861 | D:2      | Noticed Natasha
  1870 | D:2      | Killed Natasha
  2011 | D:2      | Reached XP level 5. HP: 23/24 MP: 13/13
  2170 | D:2      | Noticed Natasha
  2180 | D:2      | Killed Natasha
  2181 | D:2      | Reached skill level 5 in Spellcasting
  2441 | D:2      | Noticed Natasha
  2454 | D:2      | Killed Natasha
  2615 | D:3      | Found a transporter.
  2621 | D:3      | Found a transporter.
  2832 | D:3      | Reached XP level 6. HP: 28/28 MP: 15/15
  2954 | D:3      | Noticed an angel
  2955 | D:3      | Found a shimmering altar of Xom.
  2957 | D:3      | Found a glowing silver altar of Zin.
  3268 | D:3      | Found Xoasugisil's Antique Weapon Shop.
  3436 | D:3      | Found an ancient bone altar of Kikubaaqudgha.
  3667 | D:4      | Noticed Eustachio
  3679 | D:4      | Killed Eustachio
  3680 | D:4      | Reached skill level 5 in Stealth
  4303 | D:4      | Found a shadowy altar of Dithmenos.
  4313 | D:4      | Became a worshipper of Dithmenos the Shadowed
  4709 | D:5      | Entered Level 5 of the Dungeon
  4782 | D:5      | Reached XP level 7. HP: 32/32 MP: 11/17
  5091 | D:5      | Found a bloodstained altar of Trog.
  5926 | D:5      | Reached XP level 8. HP: 36/36 MP: 17/20
  6561 | D:6      | Slain by an ice beast

Illustrated notes

Levels and vault maps discovered:
D:1:      lemuel_arrival_hallway, layout_basic,
          shapermc_ecumenical_altar_hornbeckon
D:2:      layout_basic, minmay_misc_feat_encased, uniq_natasha, uniq_terence
D:3:      gammafunk_wand_slinger, layout_loops_ring,
          grunt_temple_overflow_order_and_chaos_1,
          lemuel_zombie_altar_kikubaaqudgha, serial_shops,
          nicolae_shop_window_shopping
D:4:      layout_loops_corners, nicolae_dithmenos_shadow_blocks, uniq_eustachio
D:5:      layout_loops_cross, kennysheep_mini_moat, st_stairs_14
D:6:      kennysheep_spiral_hall, layout_basic, minmay_temple_entry_nine_rooms,
          enter_ossuary_3, serial_park_tiny_2, chequers_serial_rivers_small_3

Skill      XL: |  1  2  3  4  5  6  7  8 |
---------------+-------------------------+-----
Spellcasting   | 3 4 5 6 7 8 |  8.2
Hexes          | 4 5 6 7 8 |  8.5
Stealth        | 6 7 8 |  8.7
Short Blades   | |  1.1
Dodging        | |  2.6

Action                   |  1- 3 |  4- 6 |  7- 9 || total
-------------------------+-------+-------+-------++-------
Melee: Dagger            |    55 |   171 |    83 ||   309
 Cast: Ensorcelled Hiber |     8 |     5 |    14 ||    27
Evoke: Wand              |       |       |     5 ||     5
  Use: Scroll            |     2 |     8 |     3 ||    13
 Stab: Sleeping          |    14 |    12 |     7 ||    33
       Distracted        |       |     1 |     1 ||     2
       Paralysed         |       |       |     1 ||     1
Armor: Robe              |     4 |    34 |    11 ||    49
Dodge: Dodged            |    24 |   138 |    73 ||   235

Table legend: (Time is in decaauts)
 A = Elapsed time spent in this place.
 B = Non-inter-level travel time spent in this place.
 C = Inter-level travel time spent in this place.
 D = Time resting spent in this place.
 E = Time spent auto-exploring this place.
 F = Levels seen in this place.
 G = Mean time per level.
                   A        B        C        D        E       F      G
               +--------+--------+--------+--------+--------+-----+--------+
         Total |   5007 |   4903 |    104 |    158 |   4000 |   6 |  834.5 |
       Dungeon |   5007 |   4903 |    104 |    158 |   4000 |   6 |  834.5 |
               +--------+--------+--------+--------+--------+-----+--------+

Top non-repeatable levels by time:
     D:5: 1428 daAuts
     D:2: 1203 daAuts
     D:1: 804 daAuts
     D:4: 771 daAuts
     D:3: 708 daAuts
     D:6: 90 daAuts
